Workbook
Name Десятки: '[1]служебный раздел'!$D$2:$D$10
Name Десятки: '[1]служебный раздел'!$D$2:$D$10
Name Десятки: '[1]служебный раздел'!$D$2:$D$10
Name Десятки: '[2]служебный раздел'!$D$2:$D$10
Name Единицы: '[1]служебный раздел'!$B$2:$B$22
Name Единицы: '[1]служебный раздел'!$B$2:$B$22
Name Единицы: '[1]служебный раздел'!$B$2:$B$22
Name Единицы: '[2]служебный раздел'!$B$2:$B$22
Name ЕдиницыТ: '[1]служебный раздел'!$C$2:$C$22
Name ЕдиницыТ: '[1]служебный раздел'!$C$2:$C$22
Name ЕдиницыТ: '[1]служебный раздел'!$C$2:$C$22
Name ЕдиницыТ: '[2]служебный раздел'!$C$2:$C$22
Name Сотни: '[1]служебный раздел'!$E$2:$E$11
Name Сотни: '[1]служебный раздел'!$E$2:$E$11
Name Сотни: '[1]служебный раздел'!$E$2:$E$11
Name Сотни: '[2]служебный раздел'!$E$2:$E$11

Sheet Расчет НМЦК
B1: Приложение к обоснованию НМЦК
A3: Расчет НМЦК иным методом
A5: Сумма всех прямых затрат (Си × Ки), руб. | B5: ='Расчет прямых затрат'!E10 -> 1228048.8
A6: Косвенные расходы (КР), руб. | B6: =B5*0.2 -> 245609.76
A7: Прибыль (П), руб. | B7: =SUM((B5+B6)*0.05) -> 73682.93
A8: Стоимость выполнения работ по проектированию, монтажу и эксплуатационному обслуживанию технических средств охраны, перечень видов которых устанавливается Правительством РФ, и (или) принятие соответствующих мер реагирования на их сигнальную информацию (Стсо), руб. | B8: ='Расчет доп. работ и услуг'!D13 -> 0
A9: Стоимость оказания услуг по защите жизни и здоровья граждан (Сзж), руб. | B9: ='Расчет доп. работ и услуг'!D21 -> 0
A10: Индекс потребительских цен на прочие услуги (Iинфл), % | B10: 100
A11: Налог на добавленную стоимость (НДС),% | B11: 22
A12: Расчетная НМЦК, руб. | B12: =(B5+B6+B7+B8+B9)*B10/100+((B5+B6+B7+B8+B9)*B10/100)*B11/100 -> 1887756.6
A13: Итоговая НМЦК, руб. | B13: 1042560

Sheet Расчет прямых затрат
I1: Приложение к обоснованию НМЦК
A3: Расчет прямых затрат на посту охраны с учетом корректирующих коэффициентов
A6: № п/п | B6: Показатель | E6: Значение | F6: Примечание
A7: 1. | B7: Минимальный размер оплаты труда, руб./мес | D7: МРОТ | E7: =ВТ!C4 -> 27093 | F7: =ВТ!D4 -> С 01.01.2026 ст. 1 Федерального закона от 19.06.2000 № 82-ФЗ "О минимальном размере оплаты труда"
A8: 2. | B8: Среднемесячное количество рабочих часов одного работника поста охраны, час | D8: СНР | E8: =ВТ!C5 -> 164.3 | F8: =ВТ!D5 -> Производственный календарь на 2026 год для пятидневной рабочей недели
A9: 3. | B9: Ставка страховых взносов, % | D9: Y | E9: =ВТ!C6 -> 30.2 | F9: =ВТ!D6 -> Налоговый кодекс РФ, Федеральный закон от 24.07.1998 № 125-ФЗ "Об обязательном социальном страховании от несчастных случаев на производстве и профессиональных заболеваний"
A10: 4. | B10: Итого прямых затрат по всем постам охраны, руб. | E10: =SUM(E14:Y14) -> 1228048.8
A11: 5. | B11: Идентификатор или номер поста охраны | D11: и | E11: Пост 1 | F11: Пост 2 | G11: Пост 3 | H11: Пост 4 | I11: Пост 5 | J11: Пост 5 | K11: Пост 7 | L11: Пост 8 | M11: Пост 9 | N11: Пост 10 | O11: Пост 11 | P11: Пост 12 | Q11: Пост 13 | R11: Пост 14 | S11: Пост 15 | T11: Пост 16 | U11: Пост 17 | V11: Пост 18 | W11: Пост 19 | X11: Пост 20 | Y11: Пост 21
A12: 6. | B12: Режим работы поста охраны в сутки | E12: =IF(E13=24,"Пост охраны в составе одного работника с режимом работы 24 ч.",IF(E13=12,"Пост охраны в составе одного работника с режимом работы 12 ч.",IF(E13=0,"-",IF(E13<3,"Режим работы поста должен быть более 3 ч.","Пост охраны в составе одного работника с режимом работы, отличным от 24 и 12 ч. (не более 24 ч. и не менее 3 ч.)")))) -> Пост охраны в составе одного работника с режимом работы 24 ч. | F12: =IF(F13=24,"Пост охраны в составе одного работника с режимом работы 24 ч.",IF(F13=12,"Пост охраны в составе одного работника с режимом работы 12 ч.",IF(F13=0,"-",IF(F13<3,"Режим работы поста должен быть более 3 ч.","Пост охраны в составе одного работника с режимом работы, отличным от 24 и 12 ч. (не более 24 ч. и не менее 3 ч.)")))) -> - | G12: =IF(G13=24,"Пост охраны в составе одного работника с режимом работы 24 ч.",IF(G13=12,"Пост охраны в составе одного работника с режимом работы 12 ч.",IF(G13=0,"-",IF(G13<3,"Режим работы поста должен быть более 3 ч.","Пост охраны в составе одного работника с режимом работы, отличным от 24 и 12 ч. (не более 24 ч. и не менее 3 ч.)")))) -> - | H12: =IF(H13=24,"Пост охраны в составе одного работника с режимом работы 24 ч.",IF(H13=12,"Пост охраны в составе одного работника с режимом работы 12 ч.",IF(H13=0,"-",IF(H13<3,"Режим работы поста должен быть более 3 ч.","Пост охраны в составе одного работника с режимом работы, отличным от 24 и 12 ч. (не более 24 ч. и не менее 3 ч.)")))) -> - | I12: =IF(I13=24,"Пост охраны в составе одного работника с режимом работы 24 ч.",IF(I13=12,"Пост охраны в составе одного работника с режимом работы 12 ч.",IF(I13=0,"-",IF(I13<3,"Режим работы поста должен быть более 3 ч.","Пост охраны в составе одного работника с режимом работы, отличным от 24 и 12 ч. (не более 24 ч. и не менее 3 ч.)")))) -> - | J12: =IF(J13=24,"Пост охраны в составе одного работника с режимом работы 24 ч.",IF(J13=12,"Пост охраны в составе одного работника с режимом работы 12 ч.",IF(J13=0,"-",IF(J13<3,"Режим работы поста должен быть более 3 ч.","Пост охраны в составе одного работника с режимом работы, отличным от 24 и 12 ч. (не более 24 ч. и не менее 3 ч.)")))) -> - | K12: =IF(K13=24,"Пост охраны в составе одного работника с режимом работы 24 ч.",IF(K13=12,"Пост охраны в составе одного работника с режимом работы 12 ч.",IF(K13=0,"-",IF(K13<3,"Режим работы поста должен быть более 3 ч.","Пост охраны в составе одного работника с режимом работы, отличным от 24 и 12 ч. (не более 24 ч. и не менее 3 ч.)")))) -> - | L12: =IF(L13=24,"Пост охраны в составе одного работника с режимом работы 24 ч.",IF(L13=12,"Пост охраны в составе одного работника с режимом работы 12 ч.",IF(L13=0,"-",IF(L13<3,"Режим работы поста должен быть более 3 ч.","Пост охраны в составе одного работника с режимом работы, отличным от 24 и 12 ч. (не более 24 ч. и не менее 3 ч.)")))) -> - | ... Y12: =IF(Y13=24,"Пост охраны в составе одного работника с режимом работы 24 ч.",IF(Y13=12,"Пост охраны в составе одного работника с режимом работы 12 ч.",IF(Y13=0,"-",IF(Y13<3,"Режим работы поста должен быть более 3 ч.","Пост охраны в составе одного работника с режимом работы, отличным от 24 и 12 ч. (не более 24 ч. и не менее 3 ч.)")))) -> -
A13: 6.1. | B13: Количество часов работы поста в смене, час | E13: 24
A14: 7. | B14: Прямые затраты поста охраны с учетом количества часов работы, руб. | D14: Си × Ки | E14: =E15*E16 -> 1228048.8 | F14: =F15*F16 -> 0 | G14: =G15*G16 -> 0 | H14: =H15*H16 -> 0 | I14: =I15*I16 -> 0 | J14: =J15*J16 -> 0 | K14: =K15*K16 -> 0 | L14: =L15*L16 -> 0 | ... Y14: =Y15*Y16 -> 0
A15: 8. | B15: Общее количество часов работы поста охраны, час | D15: Ки | E15: 4344
A16: 9. | B16: Прямые затраты поста охраны, руб./час | D16: Си | E16: =ROUND((E17+E19+E20+E21+E22+E23)*E24,2) -> 282.7 | F16: =ROUND((F17+F19+F20+F21+F22+F23)*F24,2) -> 0 | G16: =ROUND((G17+G19+G20+G21+G22+G23)*G24,2) -> 0 | H16: =ROUND((H17+H19+H20+H21+H22+H23)*H24,2) -> 0 | I16: =ROUND((I17+I19+I20+I21+I22+I23)*I24,2) -> 0 | J16: =ROUND((J17+J19+J20+J21+J22+J23)*J24,2) -> 0 | K16: =ROUND((K17+K19+K20+K21+K22+K23)*K24,2) -> 0 | L16: =ROUND((L17+L19+L20+L21+L22+L23)*L24,2) -> 0 | ... Y16: =ROUND((Y17+Y19+Y20+Y21+Y22+Y23)*Y24,2) -> 0
A17: 10. | B17: Базовая заработная плата работника, руб./час | D17: БЗП | E17: =IF(E12="-",0,ВТ!C7) -> 164.9 | F17: =IF(F12="-",0,ВТ!C7) -> 0 | G17: =IF(G12="-",0,ВТ!C7) -> 0 | H17: =IF(H12="-",0,ВТ!C7) -> 0 | I17: =IF(I12="-",0,ВТ!C7) -> 0 | J17: =IF(J12="-",0,ВТ!C7) -> 0 | K17: =IF(K12="-",0,ВТ!C7) -> 0 | L17: =IF(L12="-",0,ВТ!C7) -> 0 | M17: =IF(M12="-",0,ВТ!C7) -> 0 | N17: =IF(N12="-",0,ВТ!C7) -> 0 | O17: =IF(O12="-",0,ВТ!C7) -> 0 | P17: =IF(P12="-",0,ВТ!C7) -> 0 | Q17: =IF(Q12="-",0,ВТ!C7) -> 0 | R17: =IF(R12="-",0,ВТ!C7) -> 0 | S17: =IF(S12="-",0,ВТ!C7) -> 0 | T17: =IF(T12="-",0,ВТ!C7) -> 0 | U17: =IF(U12="-",0,ВТ!C7) -> 0 | V17: =IF(V12="-",0,ВТ!C7) -> 0 | W17: =IF(W12="-",0,ВТ!C7) -> 0 | X17: =IF(X12="-",0,ВТ!C7) -> 0 | Y17: =IF(Y12="-",0,ВТ!C7) -> 0
A18: 11. | B18: Доплаты за работу поста охраны, руб./час: | C18: всего | D18: Д | E18: =SUM(E19:E21) -> 17.31 | F18: =SUM(F19:F21) -> 0 | G18: =SUM(G19:G21) -> 0 | H18: =SUM(H19:H21) -> 0 | I18: =SUM(I19:I21) -> 0 | J18: =SUM(J19:J21) -> 0 | K18: =SUM(K19:K21) -> 0 | L18: =SUM(L19:L21) -> 0 | ... Y18: =SUM(Y19:Y21) -> 0
C19: в ночное время (с 22-00 ч. до 6-00 ч.) | D19: Дн | E19: 10.99 | F19: 0 | G19: 0 | H19: 0 | I19: 0 | J19: 0 | K19: 0 | L19: 0 | M19: 0 | N19: 0 | O19: 0 | P19: 0 | Q19: 0 | R19: 0 | S19: 0 | T19: 0 | U19: 0 | V19: 0 | W19: 0 | X19: 0 | Y19: 0
C20: в выходные и праздничные дни | D20: Двп | E20: 6.32 | F20: 0 | G20: 0 | H20: 0 | I20: 0 | J20: 0 | K20: 0 | L20: 0 | M20: 0 | N20: 0 | O20: 0 | P20: 0 | Q20: 0 | R20: 0 | S20: 0 | T20: 0 | U20: 0 | V20: 0 | W20: 0 | X20: 0 | Y20: 0
C21: в районах Крайнего Севера и приравненных к ним местностях | D21: Дрк | E21: 0 | F21: 0 | G21: 0 | H21: 0 | I21: 0 | J21: 0 | K21: 0 | L21: 0 | M21: 0 | N21: 0 | O21: 0 | P21: 0 | Q21: 0 | R21: 0 | S21: 0 | T21: 0 | U21: 0 | V21: 0 | W21: 0 | X21: 0 | Y21: 0
A22: 12. | B22: Резерв на отпуск, руб./час | D22: РО | E22: =ROUND((E17+E18)/12,2) -> 15.18 | F22: =ROUND((F17+F18)/12,2) -> 0 | G22: =ROUND((G17+G18)/12,2) -> 0 | H22: =ROUND((H17+H18)/12,2) -> 0 | I22: =ROUND((I17+I18)/12,2) -> 0 | J22: =ROUND((J17+J18)/12,2) -> 0 | K22: =ROUND((K17+K18)/12,2) -> 0 | L22: =ROUND((L17+L18)/12,2) -> 0 | ... Y22: =ROUND((Y17+Y18)/12,2) -> 0
A23: 13. | B23: Страховые взносы, руб./час | D23: СВ | E23: =ROUND((E17+E18+E22)*E9/100,2) -> 59.61 | F23: =ROUND((F17+F18+F22)*E9/100,2) -> 0 | G23: =ROUND((G17+G18+G22)*E9/100,2) -> 0 | H23: =ROUND((H17+H18+H22)*E9/100,2) -> 0 | I23: =ROUND((I17+I18+I22)*E9/100,2) -> 0 | J23: =ROUND((J17+J18+J22)*E9/100,2) -> 0 | K23: =ROUND((K17+K18+K22)*E9/100,2) -> 0 | L23: =ROUND((L17+L18+L22)*E9/100,2) -> 0 | M23: =ROUND((M17+M18+M22)*E9/100,2) -> 0 | N23: =ROUND((N17+N18+N22)*E9/100,2) -> 0 | O23: =ROUND((O17+O18+O22)*E9/100,2) -> 0 | P23: =ROUND((P17+P18+P22)*E9/100,2) -> 0 | Q23: =ROUND((Q17+Q18+Q22)*E9/100,2) -> 0 | R23: =ROUND((R17+R18+R22)*E9/100,2) -> 0 | S23: =ROUND((S17+S18+S22)*E9/100,2) -> 0 | T23: =ROUND((T17+T18+T22)*E9/100,2) -> 0 | U23: =ROUND((U17+U18+U22)*E9/100,2) -> 0 | V23: =ROUND((V17+V18+V22)*E9/100,2) -> 0 | W23: =ROUND((W17+W18+W22)*E9/100,2) -> 0 | X23: =ROUND((X17+X18+X22)*E9/100,2) -> 0 | Y23: =ROUND((Y17+Y18+Y22)*E9/100,2) -> 0
A24: 14. | B24: Корректирующий коэффициент | D24: U | E24: =SUM(E25:E26) -> 1.1 | F24: =SUM(F25:F26) -> 0 | G24: =SUM(G25:G26) -> 0 | H24: =SUM(H25:H26) -> 0 | I24: =SUM(I25:I26) -> 0 | J24: =SUM(J25:J26) -> 0 | K24: =SUM(K25:K26) -> 0 | L24: =SUM(L25:L26) -> 0 | ... Y24: =SUM(Y25:Y26) -> 0
A25: 14.1. | B25: Базовый коэффициент | D25: Uб | E25: =IF(E12="Пост охраны в составе одного работника с режимом работы 24 ч.",1,IF(E12="Пост охраны в составе одного работника с режимом работы 12 ч.",1.5,IF(E12="-",0,2-0.0417*E13))) -> 1 | F25: =IF(F12="Пост охраны в составе одного работника с режимом работы 24 ч.",1,IF(F12="Пост охраны в составе одного работника с режимом работы 12 ч.",1.5,IF(F12="-",0,2-0.0417*F13))) -> 0 | G25: =IF(G12="Пост охраны в составе одного работника с режимом работы 24 ч.",1,IF(G12="Пост охраны в составе одного работника с режимом работы 12 ч.",1.5,IF(G12="-",0,2-0.0417*G13))) -> 0 | H25: =IF(H12="Пост охраны в составе одного работника с режимом работы 24 ч.",1,IF(H12="Пост охраны в составе одного работника с режимом работы 12 ч.",1.5,IF(H12="-",0,2-0.0417*H13))) -> 0 | I25: =IF(I12="Пост охраны в составе одного работника с режимом работы 24 ч.",1,IF(I12="Пост охраны в составе одного работника с режимом работы 12 ч.",1.5,IF(I12="-",0,2-0.0417*I13))) -> 0 | J25: =IF(J12="Пост охраны в составе одного работника с режимом работы 24 ч.",1,IF(J12="Пост охраны в составе одного работника с режимом работы 12 ч.",1.5,IF(J12="-",0,2-0.0417*J13))) -> 0 | K25: =IF(K12="Пост охраны в составе одного работника с режимом работы 24 ч.",1,IF(K12="Пост охраны в составе одного работника с режимом работы 12 ч.",1.5,IF(K12="-",0,2-0.0417*K13))) -> 0 | L25: =IF(L12="Пост охраны в составе одного работника с режимом работы 24 ч.",1,IF(L12="Пост охраны в составе одного работника с режимом работы 12 ч.",1.5,IF(L12="-",0,2-0.0417*L13))) -> 0 | ... Y25: =IF(Y12="Пост охраны в составе одного работника с режимом работы 24 ч.",1,IF(Y12="Пост охраны в составе одного работника с режимом работы 12 ч.",1.5,IF(Y12="-",0,2-0.0417*Y13))) -> 0
A26: 14.2. | B26: Дополнительные коэффициенты: | C26: всего | D26: Uд | E26: =IF(SUM(E27:E31)>0.35,0.35,SUM(E27:E31)) -> 0.1 | F26: =IF(SUM(F27:F31)>0.35,0.35,SUM(F27:F31)) -> 0 | G26: =IF(SUM(G27:G31)>0.35,0.35,SUM(G27:G31)) -> 0 | H26: =IF(SUM(H27:H31)>0.35,0.35,SUM(H27:H31)) -> 0 | I26: =IF(SUM(I27:I31)>0.35,0.35,SUM(I27:I31)) -> 0 | J26: =IF(SUM(J27:J31)>0.35,0.35,SUM(J27:J31)) -> 0 | K26: =IF(SUM(K27:K31)>0.35,0.35,SUM(K27:K31)) -> 0 | L26: =IF(SUM(L27:L31)>0.35,0.35,SUM(L27:L31)) -> 0 | ... Y26: =IF(SUM(Y27:Y31)>0.35,0.35,SUM(Y27:Y31)) -> 0
C27: наличие спецсредств у работника | D27: Uд1 | E27: 0 | F27: 0 | G27: 0 | H27: 0 | I27: 0 | J27: 0 | K27: 0 | L27: 0 | M27: 0 | N27: 0 | O27: 0 | P27: 0 | Q27: 0 | R27: 0 | S27: 0 | T27: 0 | U27: 0 | V27: 0 | W27: 0 | X27: 0 | Y27: 0
C28: наличие служебного оружия у работника | D28: Uд2 | E28: 0 | F28: 0 | G28: 0 | H28: 0 | I28: 0 | J28: 0 | K28: 0 | L28: 0 | M28: 0 | N28: 0 | O28: 0 | P28: 0 | Q28: 0 | R28: 0 | S28: 0 | T28: 0 | U28: 0 | V28: 0 | W28: 0 | X28: 0 | Y28: 0
C29: обеспечение порядка в местах проведения массовых мероприятий | D29: Uд3 | E29: 0 | F29: 0 | G29: 0 | H29: 0 | I29: 0 | J29: 0 | K29: 0 | L29: 0 | M29: 0 | N29: 0 | O29: 0 | P29: 0 | Q29: 0 | R29: 0 | S29: 0 | T29: 0 | U29: 0 | V29: 0 | W29: 0 | X29: 0 | Y29: 0
C30: охрана объектов и (или) имущества, а также обеспечение внутриобъектового и пропускного режимов на объектах, в отношении которых установлены обязательные для выполнения требования к антитеррористической защищенности | D30: Uд4 | E30: 0.1 | F30: 0 | G30: 0 | H30: 0 | I30: 0 | J30: 0 | K30: 0 | L30: 0 | M30: 0 | N30: 0 | O30: 0 | P30: 0 | Q30: 0 | R30: 0 | S30: 0 | T30: 0 | U30: 0 | V30: 0 | W30: 0 | X30: 0 | Y30: 0
C31: наличие допуска к государственной тайне работника и режимно-секретного подразделения | D31: Uд5 | E31: 0 | F31: 0 | G31: 0 | H31: 0 | I31: 0 | J31: 0 | K31: 0 | L31: 0 | M31: 0 | N31: 0 | O31: 0 | P31: 0 | Q31: 0 | R31: 0 | S31: 0 | T31: 0 | U31: 0 | V31: 0 | W31: 0 | X31: 0 | Y31: 0
B32: Итоговое значение дополнительных коэффициентов | E32: =IF(SUM(E27:E31)>0.35,"ВНИМАНИЕ! Суммарное значение дополнительных коэффициентов не может превышать 0,35",SUM(E27:E31)) -> 0.1 | F32: =IF(SUM(F27:F31)>0.35,"ВНИМАНИЕ! Суммарное значение дополнительных коэффициентов не может превышать 0,35",SUM(F27:F31)) -> 0 | G32: =IF(SUM(G27:G31)>0.35,"ВНИМАНИЕ! Суммарное значение дополнительных коэффициентов не может превышать 0,35",SUM(G27:G31)) -> 0 | H32: =IF(SUM(H27:H31)>0.35,"ВНИМАНИЕ! Суммарное значение дополнительных коэффициентов не может превышать 0,35",SUM(H27:H31)) -> 0 | I32: =IF(SUM(I27:I31)>0.35,"ВНИМАНИЕ! Суммарное значение дополнительных коэффициентов не может превышать 0,35",SUM(I27:I31)) -> 0

Sheet Расчет доп. работ и услуг
N1: Приложение к обоснованию НМЦК
A3: Расчет стоимости выполнения работ по проектированию, монтажу и эксплуатационному обслуживанию технических средств охраны, перечень видов которых устанавливается Правительством РФ, и (или) принятие соответствующих мер реагирования на их сигнальную информацию
A5: № п/п | B5: Наименование товаров (работ, услуг) | D5: Расчетное значение стоимости, руб. | E5: Цены на товары (работы, услуги), полученные по запросу заказчика от поставщиков (подрядчиков, исполнителей), без НДС, руб. | K5: Количество (объем) товаров (работ, услуг) | L5: Ед. изм. | M5: Коэффициент вариации цены, % | N5: Совокупность значений выборки
E6: №1 | F6: №2 | G6: №3 | H6: №4 | I6: №5 | J6: №6
E7: (дата, номер) | F7: (дата, номер) | G7: (дата, номер) | H7: (дата, номер) | I7: (дата, номер) | J7: (дата, номер)
A8: 1 | B8: Услуги по реагированию | C8: Ср | D8: =IF(K8=0,0,ROUND(AVERAGE(E8:J8),2)*K8) -> 0 | M8: =IF(D8=0,0,STDEV(E8:J8)/AVERAGE(E8:J8)*100) -> 0 | N8: =IF(M8>15,"Не однородная","Однородная") -> Однородная
A9: 2 | B9: Работы по проектированию | C9: Сп | D9: =IF(K9=0,0,ROUND(AVERAGE(E9:J9),2)*K9) -> 0 | M9: =IF(D9=0,0,STDEV(E9:J9)/AVERAGE(E9:J9)*100) -> 0 | N9: =IF(M9>15,"Не однородная","Однородная") -> Однородная
A10: 3 | B10: Услуги по эксплуатационному обслуживанию | C10: Сэо | D10: =IF(K10=0,0,ROUND(AVERAGE(E10:J10),2)*K10) -> 0 | M10: =IF(D10=0,0,STDEV(E10:J10)/AVERAGE(E10:J10)*100) -> 0 | N10: =IF(M10>15,"Не однородная","Однородная") -> Однородная
A11: 4 | B11: Работы по монтажу | C11: См | D11: =IF(K11=0,0,ROUND(AVERAGE(E11:J11),2)*K11) -> 0 | M11: =IF(D11=0,0,STDEV(E11:J11)/AVERAGE(E11:J11)*100) -> 0 | N11: =IF(M11>15,"Не однородная","Однородная") -> Однородная
A12: 5 | B12: Оборудование технических средств охраны | C12: Со | D12: =IF(K12=0,0,ROUND(AVERAGE(E12:J12),2)*K12) -> 0 | M12: =IF(D12=0,0,STDEV(E12:J12)/AVERAGE(E12:J12)*100) -> 0 | N12: =IF(M12>15,"Не однородная","Однородная") -> Однородная
A13: Итого | C13: Стсо | D13: =SUM(D8:D12) -> 0
A15: Расчет стоимости оказания услуги по защите жизни и здоровья граждан
A17: № п/п | B17: Наименование товаров (работ, услуг) | D17: Расчетное значение стоимости, руб. | E17: Цены на товары (работы, услуги), полученные по запросу заказчика от поставщиков (подрядчиков, исполнителей), без НДС, руб. | K17: Количество (объем) товаров (работ, услуг) | L17: Ед. изм. | M17: Коэффициент вариации цены, % | N17: Совокупность значений выборки
E18: №1 | F18: №2 | G18: №3 | H18: №4 | I18: №5 | J18: №6
E19: (дата, номер) | F19: (дата, номер) | G19: (дата, номер) | H19: (дата, номер) | I19: (дата, номер) | J19: (дата, номер)
A20: 1 | B20: Услуги по по защите жизни и здоровья граждан | C20: Сеу | D20: =IF(K20=0,0,ROUND(AVERAGE(E20:J20),2)*K20) -> 0 | M20: =IF(D20=0,0,STDEV(E20:J20)/AVERAGE(E20:J20)*100) -> 0 | N20: =IF(M20>15,"Не однородная","Однородная") -> Однородная
A21: Итого | C21: Сжз | D21: =D20 -> 0

Sheet ВТ
A1: Показатель | C1: Значение | D1: Примечание | E1: Доплаты за работу поста охраны: | G1: Итоговая НМЦК, руб.
E2: в ночное время | F2: в выходные и праздничные дни | G2: Итоговая НМЦК (установлена в соответствии с п. 2 ст. 72, п. 3 ст. 219 БК РФ с учетом доведенного до заказчика лимита бюджетных обязательств), руб.
E3: Дн | F3: Двп
A4: Минимальный размер оплаты труда, руб. | B4: МРОТ | C4: 27093 | D4: С 01.01.2026 ст. 1 Федерального закона от 19.06.2000 № 82-ФЗ "О минимальном размере оплаты труда" | E4: =ROUND((C7*0.2)/3,2) -> 10.99 | F4: =ROUND((C7*C10)/C11,2) -> 6.32
A5: Среднемесячное количество рабочих часов одного работника поста охраны, час | B5: СНР | C5: =ROUND((F7/12),1) -> 164.3 | D5: Производственный календарь на 2026 год для пятидневной рабочей недели | E5: 0 | F5: 0
A6: Ставка страховых взносов, % | B6: Y | C6: 30.2 | D6: Налоговый кодекс РФ, Федеральный закон от 24.07.1998 № 125-ФЗ "Об обязательном социальном страховании от несчастных случаев на производстве и профессиональных заболеваний" | E6: составляет 20 % часовой тарифной ставки | F6: в размере не менее двойной часовой тарифной ставки
A7: Базовая заработная плата работника, руб./час | B7: БЗП | C7: =ROUND(C4/C5,2) -> 164.9 | D7: 0 | E7: Рабочее время за 2026 год (в часах) при 40-часовой неделе | F7: 1972
A8: Количество рабочих дней в году | B8: Др | C8: 247 | D8: =D5 -> Производственный календарь на 2026 год для пятидневной рабочей недели
A9: Количество выходных и праздничных дней в году | B9: Двп | C9: 118 | D9: =D5 -> Производственный календарь на 2026 год для пятидневной рабочей недели
A10: Количество праздничных дней в году | B10: Дп | C10: 14 | D10: =D5 -> Производственный календарь на 2026 год для пятидневной рабочей недели
A11: Всего дней в году | B11: Дв | C11: =C8+C9 -> 365 | D11: =D5 -> Производственный календарь на 2026 год для пятидневной рабочей недели
A13: Базовые коэффициенты | C13: Значение
A14: Пост охраны в составе одного работника с режимом работы 24 ч. | B14: Uб | C14: 1
A15: Пост охраны в составе одного работника с режимом работы 12 ч. | B15: Uб | C15: 1.5
A16: Пост охраны в составе одного работника с режимом работы, отличным от 24 и 12 ч.(не более 24 ч. и не менее 3 ч.) | B16: Uб | C16: 2-0,0417*
A17: -
A18: Дополнительные коэффициенты | C18: Значение
C19: да | D19: нет
A20: наличие спецсредств у работника | B20: Uд1 | C20: 0.05 | D20: 0
A21: наличие служебного оружия у работника | B21: Uд2 | C21: 0.2 | D21: 0
A22: обеспечение порядка в местах проведения массовых мероприятий | B22: Uд3 | C22: 0.3 | D22: 0
A23: охрана объектов и (или) имущества, а также обеспечение внутриобъектового и пропускного режимов на объектах, в отношении которых установлены обязательные для выполнения требования к антитеррористической защищенности | B23: Uд4 | C23: 0.1 | D23: 0
A24: наличие допуска к государственной тайне работника и режимно-секретного подразделения | B24: Uд5 | C24: 0.05 | D24: 0
